 Dungeon Crawl Stone Soup version 0.17-a0-1830-g81820eb (webtiles) character file.

90807 Stormsson the Unseen (level 15, -1/81 HPs)
             Began as a Spriggan Assassin on Sept 11, 2015.
             Was a High Priest of Dithmenos.
             Slain by a five-headed hydra (10 damage)
             ... on level 2 of the Swamp on Sept 13, 2015.
             The game lasted 06:08:34 (30616 turns).

Stormsson the Unseen (Spriggan Assassin)           Turns: 30616, Time: 06:08:34

Health: -1/81      AC:  9    Str:  7    XL:     15   Next: 53%
Magic:  21/21      EV: 38    Int: 12    God:    Dithmenos [*****.]
Gold:   2276       SH:  0    Dex: 32    Spells: 1 memorised, 11 levels left

rFire  . . .     SeeInvis +     k - +6 dagger (drain)
rCold  . . .     Clarity  .     w - +2 robe {MR+}
rNeg   + . .     SustAt   .     (shield restricted)
rPois  +         Gourm    .     N - +2 hat {SInv}
rElec  .         Spirit   .     d - +2 cloak
rCorr  .         Warding  +     (gloves unavailable)
rMut   .         Stasis   .     (boots unavailable)
MR     +++..                    F - amulet "Aluosoaf" {Ward rPois rN+ Dex+5}
Stlth  ++++++++++               v - ring of stealth
                                D - ring of stealth

@: about to teleport, wreathed by umbra, studying Earth Magic, very quick,
extremely resistant to hostile enchantments, uncannily stealthy
A: unfitting armour, claws 1, horns 1, see invisible, agile 1, herbivore 3,
speed 3, slow metabolism 2
a: Shadow Step, Shadow Form, Renounce Religion


You were on level 2 of the Swamp.
You worshipped Dithmenos.
Dithmenos was extremely pleased with you.
You were not hungry.

You visited 6 branches of the dungeon, and saw 25 of its levels.
You also visited: Labyrinth and Sewer.

You collected 2468 gold pieces.
You spent 192 gold pieces at shops.

Inventory:

Hand weapons
 a - a +5 rapier
 b - a +0 blowgun
 k - a +6 dagger of draining (weapon)
 E - a +2 vampiric short sword
 G - a +3 rapier
 W - a +4 dagger
Missiles
 e - 80 poisoned needles (quivered)
 f - 11 curare-tipped needles
 Z - 2 throwing nets
Armour
 d - a +2 cloak (worn)
 w - a +2 robe of magic resistance (worn)
 N - a +2 hat of see invisible (worn)
 U - a +1 robe of fire resistance
Jewellery
 i - an uncursed ring of positive energy
 o - an uncursed amulet of regeneration
 v - a ring of stealth (right claw)
 B - an uncursed amulet of resist corrosion
 D - a ring of stealth (left claw)
 F - the amulet "Aluosoaf" (around neck) {Ward rPois rN+ Dex+5}
   (You found it on level 3 of the Elven Halls)

   [amulet of warding]

   It may prevent the melee attacks of summoned creatures.
   It affects your dexterity (+5).
   It protects you from poison.
   It protects you from negative energy.
 H - an uncursed ring of sustain attributes
 K - the ring "Siadd" {*Confuse +Blink Int+3 Stlth+}
   (You found it in a labyrinth)

   [ring of intelligence]

   It affects your intelligence (+3).
   It lets you blink.
   It may confuse you when you take damage.
   It makes you more stealthy.
 L - an uncursed amulet of clarity
 Q - an uncursed ring of fire
Magical devices
 r - a wand of polymorph (17)
 s - a wand of digging (16)
 y - a wand of frost (25)
 I - a wand of cold (4)
 O - a wand of paralysis (5)
Scrolls
 g - a scroll of amnesia
 h - 8 scrolls of teleportation
 l - 3 scrolls of magic mapping
 m - 3 scrolls of fear
 t - a scroll of recharging
 A - 7 scrolls of remove curse
 C - 3 scrolls of fog
Potions
 n - 7 potions of haste
 q - 2 potions of brilliance
 u - 6 potions of magic
 x - a potion of agility
 z - 5 potions of flight
 M - 2 potions of curing
 P - 2 potions of berserk rage
 T - 2 potions of resistance
Books
 p - a book of Beasts

   Spells                             Type                      Level
   a - Summon Butterflies             Summoning                    1
   b - Call Canine Familiar           Summoning                    3
   c - Summon Ice Beast               Ice/Summoning                4
   d - Summon Mana Viper              Hexes/Summoning              5
   e - Summon Hydra                   Summoning                    7
 R - a manual of Earth Magic
 S - a Grand Grimoire

   Spells                             Type                      Level
   a - Monstrous Menagerie            Summoning                    6
   b - Summon Greater Demon           Summoning                    7
   c - Malign Gateway                 Summoning/Translocation      7
   d - Summon Horrible Things         Summoning                    8
 V - a book of Beasts

   Spells                             Type                      Level
   a - Summon Butterflies             Summoning                    1
   b - Call Canine Familiar           Summoning                    3
   c - Summon Ice Beast               Ice/Summoning                4
   d - Summon Mana Viper              Hexes/Summoning              5
   e - Summon Hydra                   Summoning                    7
 X - a Fen Folio

   Spells                             Type                      Level
   a - Corpse Rot                     Necromancy                   2
   b - Stone Arrow                    Conjuration/Earth            3
   c - Leda's Liquefaction            Hexes/Earth                  4
   d - Summon Forest                  Summoning/Translocation      5
   e - Hydra Form                     Transmutation                6
   f - Summon Hydra                   Summoning                    7
 Y - a book of Dreams

   Spells                             Type                      Level
   a - Ensorcelled Hibernation        Hexes/Ice                    2
   b - Phase Shift                    Translocation                5
   c - Shadow Creatures               Summoning                    5
   d - Silence                        Hexes/Air                    5
   e - Darkness                       Hexes                        6
   f - Mass Confusion                 Hexes                        6
Miscellaneous
 c - a lantern of shadows
 J - a stone of tremors
Comestibles
 j - 7 bread rations


   Skills:
 - Level 10.6 Fighting
 - Level 15.0 Short Blades
 - Level 4.8 Throwing
 - Level 6.1 Armour
 - Level 16.2 Dodging
 + Level 19.0 Stealth
 * Level 4.5 Earth Magic
 * Level 7.2 Invocations


You had 11 spell levels left.
You knew the following spells:

 Your Spells              Type           Power        Failure   Level  Hunger
a - Stone Arrow           Conj/Erth      #.....       43%         3    ####...


Dungeon Overview and Level Annotations

Branches:
Dungeon (11/15)            Temple (1/1) D:4            Lair (4/8) D:8
  Swamp (2/4) Lair:4       Spider (0/4) Lair:4          Orc (4/4) D:11
    Elf (3/3) Orc:4

Altars:
Ashenzari
Cheibriados
Dithmenos
Elyvilon
Fedhas
Gozag
Kikubaaqudgha
Makhleb
Nemelex Xobeh
Okawaru
Qazlal
Ru
Sif Muna
Trog
Vehumet
Xom
Yredelemnul
Zin
The Shining One
Beogh

Shops:
D:4 =   Elf:1 *   Elf:2 [

Annotations:
D:5 exclusion: statue
D:8 Neuromancien059's ghost, experienced TrBe
Elf:3 Asterion; Zebura's ghost, mighty CeHu


Innate Abilities, Weirdness & Mutations

You are tiny and cannot use many weapons and most armour.
You have supernaturally acute eyesight.
You are a herbivore.
You cover ground extremely quickly.
You need consume almost no food.
You have sharp fingernails.
You have a pair of small horns on your head.
You are agile. (Dex +2)


Message History

The spriggan rider blocks your attack.
You headbutt the spriggan rider!
The spriggan rider is lightly wounded.
The spriggan rider blocks your shadow's attack.
The spriggan rider completely misses you.
The spriggan rider completely misses you.
You see here a curare-tipped needle.
f - 11 curare-tipped needles (gained 1)
The spiny frog stings you!
The spriggan rider hits you from afar with a spear!
The spriggan rider hits you from afar with an uncursed spear!!
Read which item? (? for menu, Esc to quit)
As you read the scroll of teleportation, it crumbles to dust.
You feel strangely unstable.
The spriggan rider hits you from afar with a spear!!
* * * LOW HITPOINT WARNING * * *
You emit a cloud of dark smoke.
The five-headed hydra barely misses you.
The five-headed hydra completely misses you.
The five-headed hydra misses you. The five-headed hydra bites you!
You die...

.♣≈≈♣ ♣..≈≈..≈≈.♣ .≈♣≈≈
♣♣..≈....[.≈≈. ≈≈≈♣≈.♣
♣.≈≈≈.≈≈.≈≈≈♣♣...≈≈≈ .≈≈♣♣.♣♣
♣.♣...♣≈.≈≈....≈≈≈.. .≈≈≈≈≈.♣♣
♣...≈.♣≈≈≈≈.≈≈.≈≈....
...≈.≈≈?♣♣♣♣.≈≈≈.≈≈.≈≈..≈≈≈≈≈≈≈.
.≈≈≈.≈≈....≈≈.≈≈.≈≈.≈≈≈.≈≈..≈.≈♣
§≈♣≈.≈♣♣.≈≈≈...§§F≈≈.≈≈.≈≈≈.....
≈≈≈.≈≈≈≈.≈♣≈..≈§@Di≈≈§≈≈≈≈D.≈≈≈♣
.....≈≈...†)≈≈§♣≈≈iv≈♣♣.≈≈..≈≈≈♣
..≈♣.≈..≈≈≈≈§≈≈≈♣.♣.....≈≈....≈♣
≈.≈≈...≈≈≈♣.≈.≈≈≈≈♣♣.w≈....♣≈≈.
≈≈≈≈≈≈.♣≈≈≈.≈♣...♣♣♣(.≈..♣≈≈≈≈≈.
≈♣≈≈♣≈.≈≈≈≈≈≈..♣..♣♣♣...≈..≈♣≈≈.
≈≈≈≈≈≈≈≈≈≈..♣.≈..♣♣ ♣♣.≈≈≈.≈≈♣≈.
.≈≈≈≈≈≈≈≈..♣..≈.♣♣ ♣.♣≈♣..≈≈≈
.≈..).....♣≈....♣ ♣≈≈≈≈≈≈≈...


You could see a five-headed hydra, 2 spriggan riders, a spiny frog, a swamp worm
and an insubstantial wisp.

Vanquished Creatures
  Saint Roka (Orc:4)
  A deep elf blademaster (Elf:2)
  Gastronok (Lair:3)
  Frances (Swamp:2)
  Donald (Swamp:2)
  A deep elf sorcerer (Elf:3)
  A deep elf demonologist (Elf:3)
  A deep elf death mage (Elf:1)
  Josephine (Orc:3)
  2 hydras
  Erica (D:9)
  10 dancing weapons (Elf:2)
  4 death yaks (Lair:3)
  An alligator (Swamp:1)
  Urug (Orc:1)
  8 deep elf knights
  3 orc high priests
  Sonja (Lair:1)
  Nergalle (Lair:2)
  3 skeletal warriors (D:11)
  2 shadow demons (Elf:3)
  2 spriggan druids (Swamp:2)
  11 deep elf summoners
  A swamp dragon (Swamp:1)
  Pikel (D:7)
  8 deep elf conjurers
  An ugly thing (D:11)
  3 hill giants
  3 orc sorcerers
  2 orc knights
  A black mamba (Lair:2)
  2 elephants (Lair:3)
  Joseph (Lair:1)
  2 torpor snails
  A gargoyle (D:10)
  2 kobold demonologists (Elf:3)
  2 centaur skeletons
  3 spiny frogs
  A fire drake (Lair:2)
  A fire drake (shapeshifter) (Elf:1)
  A small abomination (Elf:2)
  A two-headed ogre (D:11)
  7 deep elf priests (Elf:2)
  3 komodo dragons
  10 blink frogs
  Grinder (D:3)
  3 slime creatures (Swamp:2)
  Prince Ribbit (D:7)
  4 trolls
  A giant leech (Swamp:1)
  A bog body (Swamp:1)
  14 deep elf magi
  4 wraiths
  A wyvern (D:10)
  36 yaks
  2 spriggans
  3 hippogriffs
  A hog (shapeshifter) (Elf:2)
  11 hungry ghosts
  Menkaure (D:7)
  5 wargs
  9 deep elf fighters
  8 water moccasins
  A swamp worm (Swamp:1)
  7 wolves
  A mottled dragon (D:11)
  2 swamp drakes
  2 sky beasts
  Purgy (D:3)
  A black bear (D:8)
  A necrophage (D:10)
  2 wasps
  7 porcupines
  A slave (D:7)
  7 spiders (Lair:4)
  25 orc warriors
  An ice beast (D:7)
  A phantom (D:7)
  2 boggarts (Elf:3)
  13 ogres
  5 centaurs
  9 crocodiles
  7 big kobolds
  17 giant frogs
  A wyvern skeleton (D:8)
  6 scorpions
  24 killer bees
  2 vampire bats (Lair:1)
  13 wights
  3 centaur zombies
  3 crimson imps
  16 orc priests
  38 orc wizards
  3 hounds
  A jelly (D:7)
  A quasit (D:9)
  Terence (D:2)
  9 worker ants
  20 sheep (Lair:3)
  5 iguanas
  A hound zombie (D:6)
  2 hound skeletons
  10 gnolls
  16 adders
  36 river rats
  4 shadow imps
  An ooze (Sewer)
  An adder skeleton (D:4)
  4 worms
  5 giant geckos
  185 orcs
  5 ball pythons
  3 goblins
  7 hobgoblins
  15 jackals
  30 kobolds
  7 quokkas
  17 bats
  3 giant newts
  2 gnoll zombies (D:4)
  3 jackal skeletons
  A quokka zombie (D:6)
  11 rats
850 creatures vanquished.

Vanquished Creatures (collateral kills)
  3 elephants (Lair:3)
  2 bats (Lair:1)
5 creatures vanquished.

Vanquished Creatures (others)
  A shadow (D:11)
  A deep elf fighter (Elf:2)
  2 slaves (D:7)
  An orc wizard (Orc:2)
  An iguana (D:9)
  A quokka (D:4)
  A giant gecko (D:7)
  A quokka skeleton (D:7)
  A bush (Lair:3)
  A crawling corpse (Elf:2)
  10 fungi
  22 plants
43 creatures vanquished.

Grand Total: 898 creatures vanquished

Notes
Turn   | Place    | Note
--------------------------------------------------------------
     0 | D:1      | Stormsson the Spriggan Assassin began the quest for the Orb.
     0 | D:1      | Reached XP level 1. HP: 10/10 MP: 2/2
    34 | D:1      | Reached skill level 6 in Stealth
   223 | D:1      | Reached XP level 2. HP: 13/15 MP: 3/3
   675 | D:2      | Noticed Terence
   694 | D:2      | Killed Terence
   694 | D:2      | Reached skill level 7 in Stealth
   694 | D:2      | Reached XP level 3. HP: 16/18 MP: 4/4
   972 | D:2      | Reached XP level 4. HP: 23/23 MP: 5/5
  1693 | D:3      | Noticed Purgy
  1816 | D:3      | Noticed Grinder
  1817 | D:3      | Killed Grinder
  1817 | D:3      | Reached skill level 8 in Stealth
  1817 | D:3      | Reached XP level 5. HP: 27/27 MP: 6/6
  1817 | D:3      | Reached XP level 6. HP: 32/32 MP: 7/7
  2005 | D:3      | Found a glowing drain.
  2010 | Sewer    | Entered a sewer
  2360 | Sewer    | Reached skill level 5 in Short Blades
  2360 | Sewer    | Reached XP level 7. HP: 24/36 MP: 8/8
  2560 | Sewer    | Reached skill level 9 in Stealth
  2818 | D:3      | Killed Purgy
  4116 | D:4      | Found a white marble altar of Elyvilon.
  4220 | D:4      | Found Hozxigyo's Jewellery Shoppe.
  4225 | D:4      | Bought an uncursed ring of stealth for 192 gold pieces
  4263 | D:4      | Found an opulent altar of Gozag.
  4297 | D:4      | Reached skill level 10 in Stealth
  4313 | D:4      | Reached XP level 8. HP: 42/42 MP: 9/9
  4345 | D:4      | Found a staircase to the Ecumenical Temple.
  4353 | Temple   | Entered the Ecumenical Temple
  4411 | Temple   | Became a worshipper of Dithmenos the Shadowed
  4489 | D:4      | Found a basalt altar of Yredelemnul.
  4538 | D:5      | Entered Level 5 of the Dungeon
  4562 | D:5      | Found a sparkling altar of Nemelex Xobeh.
  4661 | D:5      | Found a sacrificial altar of Ru.
  4723 | D:5      | Found a radiant altar of Vehumet.
  4923 | D:5      | Found a stormy altar of Qazlal.
  5398 | D:6      | Reached skill level 11 in Stealth
  5595 | D:6      | Reached skill level 5 in Dodging
  5736 | D:6      | Found an iron altar of Okawaru.
  5870 | D:6      | Noticed a troll
  5877 | D:6      | Killed a troll
  5877 | D:6      | Reached XP level 9. HP: 46/46 MP: 10/10
  5890 | D:6      | Noticed an angel
  5891 | D:6      | Found a shimmering altar of Xom.
  5891 | D:6      | Found a glowing silver altar of Zin.
  6099 | D:7      | Found a snail-covered altar of Cheibriados.
  6156 | D:7      | Noticed Pikel
  6193 | D:7      | Killed Pikel
  6193 | D:7      | Reached skill level 5 in Fighting
  6427 | D:7      | Acquired Dithmenos's first power
  6468 | D:7      | Found a blossoming altar of Fedhas.
  6472 | D:7      | Noticed Prince Ribbit
  6795 | D:7      | Reached skill level 12 in Stealth
  6941 | D:7      | Noticed Menkaure
  6948 | D:7      | Killed Menkaure
  6948 | D:7      | Reached XP level 10. HP: 52/52 MP: 11/11
  7026 | D:7      | Killed Prince Ribbit
  7637 | D:8      | Noticed Neuromancien059's ghost (experienced TrBe)
  8224 | D:8      | Upgraded the game from 0.17-a0-1804-gf6433eb to 0.17-a0-1805-g6093636
  8341 | D:8      | Reached skill level 10 in Short Blades
  8528 | D:8      | Found a staircase to the Lair.
  8538 | Lair:1   | Entered Level 1 of the Lair of Beasts
  8539 | Lair:1   | Acquired Dithmenos's second power
  8727 | Lair:1   | Reached skill level 13 in Stealth
  9161 | Lair:1   | Noticed a seven-headed hydra
  9167 | Lair:1   | Killed a seven-headed hydra
  9167 | Lair:1   | Reached XP level 11. HP: 58/58 MP: 7/12
  9210 | Lair:1   | Reached skill level 10 in Dodging
  9338 | Lair:1   | Noticed Joseph
  9342 | Lair:1   | Killed Joseph
  9383 | Lair:1   | Noticed Sonja
  9389 | Lair:1   | Killed Sonja
 10176 | Lair:2   | Found a labyrinth entrance.
 10199 | Lab      | Entered a labyrinth
 11106 | Lab      | Noticed a minotaur
 11666 | Lab      | Got a transparent iron ring
 11693 | Lair:2   | Identified the ring "Siadd" {*Confuse +Blink Int+3 Stlth+} (You found it in a labyrinth)
 11772 | Lair:2   | Noticed Nergalle
 11775 | Lair:2   | Killed Nergalle
 11775 | Lair:2   | Reached skill level 14 in Stealth
 12865 | Lair:3   | Noticed Gastronok
 13102 | Lair:3   | Killed Gastronok
 13102 | Lair:3   | Reached XP level 12. HP: 51/64 MP: 13/13
 13961 | Lair:3   | Acquired Dithmenos's third power
 14466 | Lair:3   | Reached skill level 15 in Stealth
 14759 | Lair:3   | Reached skill level 1 in Armour
 15795 | Lair:4   | Found a staircase to the Swamp.
 16464 | Lair:4   | Found a hole to the Spider Nest.
 16541 | Lair:4   | Acquired Dithmenos's fourth power
 16946 | D:9      | Noticed Erica
 16948 | D:9      | Found an iron altar of Okawaru.
 17318 | D:9      | Reached skill level 16 in Stealth
 17391 | D:9      | Found a bloodstained altar of Trog.
 17473 | D:9      | Killed Erica
 17473 | D:9      | Reached XP level 13. HP: 47/70 MP: 14/14
 18441 | D:10     | Entered Level 10 of the Dungeon
 19992 | D:11     | Reached skill level 17 in Stealth
 20977 | D:11     | Found a staircase to the Orcish Mines.
 21087 | Orc:1    | Entered Level 1 of the Orcish Mines
 21247 | Orc:1    | Noticed Urug
 21376 | Orc:1    | Killed Urug
 22596 | Orc:4    | Entered Level 4 of the Orcish Mines
 22741 | Orc:3    | Found a roughly hewn altar of Beogh.
 22799 | Orc:3    | Found a roughly hewn altar of Beogh.
 23136 | Orc:3    | Reached skill level 18 in Stealth
 23421 | Orc:4    | Found a staircase to the Elven Halls.
 23426 | Orc:4    | Noticed Saint Roka
 23822 | Orc:4    | Reached skill level 15 in Dodging
 23893 | Orc:4    | Noticed Josephine
 24328 | Orc:3    | Upgraded the game from 0.17-a0-1805-g6093636 to 0.17-a0-1830-g81820eb
 24834 | Orc:3    | Killed Josephine
 24834 | Orc:3    | Reached XP level 14. HP: 56/75 MP: 15/15
 25503 | Orc:4    | Killed Saint Roka
 25592 | Elf:1    | Entered Level 1 of the Elven Halls
 25604 | Elf:1    | Found Hoch's General Store.
 25882 | Elf:1    | Gained mutation: You have sharp fingernails. [potion of mutation]
 25882 | Elf:1    | Gained mutation: You are agile. (Dex +2) [potion of mutation]
 25882 | Elf:1    | Gained mutation: You have a pair of small horns on your head. [potion of mutation]
 26012 | Elf:1    | Reached skill level 15 in Short Blades
 26401 | Elf:2    | Reached skill level 10 in Fighting
 26464 | Elf:2    | Found a huge runed gate.
 26464 | Elf:2    | Found a huge runed gate.
 26464 | Elf:2    | Found a huge runed gate.
 26465 | Elf:2    | Found a huge runed gate.
 26467 | Elf:2    | Found a huge runed gate.
 26516 | Elf:2    | Noticed a deep elf blademaster
 26524 | Elf:2    | Killed a deep elf blademaster
 26524 | Elf:2    | Reached skill level 1 in Invocations
 27472 | Elf:2    | Found Qeloalum's Armour Shoppe.
 27479 | Elf:2    | Reached skill level 5 in Armour
 27865 | Elf:2    | Reached XP level 15. HP: 81/81 MP: 19/19
 28066 | Elf:3    | Entered Level 3 of the Elven Halls
 28070 | Elf:3    | Reached skill level 5 in Invocations
 28175 | Elf:3    | Noticed Asterion
 28476 | Elf:3    | Found a deep blue altar of Sif Muna.
 28480 | Elf:3    | Noticed Zebura's ghost (mighty CeHu)
 29318 | Elf:3    | Got a slimy diamond amulet
 29326 | Elf:3    | Identified the amulet "Aluosoaf" {Ward rPois rN+ Dex+5} (You found it on level 3 of the Elven Halls)
 29452 | Elf:3    | Noticed a deep elf blademaster
 30129 | Lair:2   | Learned a level 3 spell: Stone Arrow
 30201 | Swamp:1  | Entered Level 1 of the Swamp
 30226 | Swamp:1  | Reached skill level 1 in Earth Magic
 30509 | Swamp:2  | Noticed Donald
 30512 | Swamp:2  | Killed Donald
 30521 | Swamp:2  | Noticed Frances
 30528 | Swamp:2  | Killed Frances
 30528 | Swamp:2  | Reached skill level 19 in Stealth
 30616 | Swamp:2  | Slain by a five-headed hydra

Vault maps used:
D:1:      tarquinn_simple_flora_water_d
D:2:      uniq_terence
D:3:      portal_sewer_entry_e, uniq_purgy, uniq_grinder
D:4:      lemuel_zombie_altar_yredelemnul, kennysheep_mini_moat,
          elyvilon_altar_4, temple_green, serial_shops, nicolae_shop_stone,
          first_bread
D:5:      lemuel_round_altar, kennysheep_little_box, overflow_temple_1_default,
          vehumet_statue, st_stairs_4
D:6:      grunt_temple_overflow_order_and_chaos_1, okawaru_altar_gauntlet_db
D:7:      nicolae_overflow_crystal_walls, lemuel_doored_altar, the_bakery,
          uniq_pikel, uniq_prince_ribbit1, uniq_menkaure
D:8:      lair_0_dummy
D:9:      old_forge, nicolae_overflow_hidden_temple, basic_altar, uniq_erica
D:10:     grunt_ministairs_1
D:11:     minmay_orc_entry_temple_large
Temple:   temple_island_7
Lair:1:   roderic_batcave, st_stairs_9, uniq_joseph, uniq_sonja
Lair:2:   lab_entry_generic, st_stairs_8, uniq_nergalle
Lair:3:   serial_forest, infiniplex_forest_straight_2,
          infiniplex_forest_straight_5, infiniplex_forest_lined_room_2,
          infiniplex_forest_clump_large, infiniplex_forest_split,
          infiniplex_forest_straight_1, infiniplex_forest_clump_double,
          infiniplex_forest_lined_2, infiniplex_forest_straight_4,
          uniq_gastronok
Lair:4:   swamp_mist, nicolae_spider_entry_tight_spaces, minmay_holes
Swamp:1:  evilmike_swamp_ruin_rubble_2
Swamp:2:  nicolae_swamp_trees_clearing, uniq_frances, uniq_louise, uniq_donald
Orc:1:    uniq_urug
Orc:3:    basic_altar, nicolae_orc_pool_cavern, mines2_david
Orc:4:    st_orc_elflike, uniq_saint_roka, uniq_josephine
Elf:1:    serial_shops, shop, minmay_elf_crystal_heptagon
Elf:2:    serial_shops, shop, basic_stair_grate_trap
Elf:3:    minmay_elf_hall_quartered_circle, basic_altar,
          hangedman_summoners_spam, uniq_asterion
Lab:      labyrinth_mini_lab, labyrinth_skeletal_remains, nicolae_lab_grate,
          nicolae_lab_big_swirl, nicolae_lab_arrow
Sewer:    sewer_co_15_rooms

Action                   |  1- 3 |  4- 6 |  7- 9 | 10-12 | 13-15 || total
-------------------------+-------+-------+-------+-------+-------++-------
Melee: Dagger            |    60 |   224 |   500 |  1625 |  1486 ||  3895
       Rapier            |       |       |       |       |  1328 ||  1328
 Fire: Blowgun           |       |       |    17 |   190 |   106 ||   313
Invok: Shadow Step       |       |       |       |     5 |    10 ||    15
 Abil: Evoke Flight      |       |       |       |     1 |       ||     1
Evoke: Wand              |       |       |       |     5 |     1 ||     6
       Stone of tremors  |       |       |       |     1 |       ||     1
  Use: Scroll            |     6 |     2 |     6 |    14 |    18 ||    46
       Potion            |     1 |     2 |     7 |     3 |     4 ||    17
 Stab: Sleeping          |    13 |     8 |    50 |    59 |   136 ||   266
       Distracted        |     1 |     1 |     5 |    12 |    30 ||    49
  Eat: Bread ration      |       |       |     1 |     1 |     4 ||     6
       Royal jelly       |       |       |     1 |     1 |       ||     2
       Fruit             |       |       |       |    14 |     5 ||    19
       Pizza             |       |       |       |     2 |       ||     2
